cohdb
Replays
Latest Replays
All Replays
Popular Replays
Top Player Replays
Match Explorer
How It Works
Community
CoH3 Stats
Reddit
Sign in to upload your games and track your stats! →
Sign in with Steam
Match 40906631
Unlisted
Match 40906631
Overview
Messages
Build Orders
End
Construct Weapon Support Center
Selects Special Operations Battlegroup
Selects M29 Weasel Recon Vehicle
M29 Weasel Recon Vehicle
M1919 Machine Gun Team
Engineer Squad
Bazooka Squad
M1919 Machine Gun Team
Selects Raiding Flares
Raiding Flares
Scout Squad
Mechanized Support Center
M3 Armored Personnel Carrier
M3 Armored Personnel Carrier
Designate Forward Repair Station
Improvised Armor
Bazooka Squad
Raiding Flares
Selects SSF Commando Squad
SSF Commando Squad
Selects P-47 Anti-Infantry Loiter
Raiding Flares
SSF Commando Squad
Selects UNKNOWN (2162291)
Der schöne Bob
ALM'OND'S
Arudo
RhysDevilx
HeyGuys! I_Guess_That's_it
FocusFuelOrFaceMyWrath
PÖRR8
Putka
0
0
Comments
sign in to comment!
No comments posted yet!